 Dungeon Crawl Stone Soup version 0.22-a0-271-gc000056 (webtiles) character file.

42728 nikopol the Eclecticist (level 13, -3/66 HPs)
             Began as a Deep Elf Fire Elementalist on Mar 10, 2018.
             Was a High Priest of Sif Muna.
             Slain by an eight-headed hydra (4 damage)
             ... on level 6 of the Lair of Beasts.
             The game lasted 01:53:21 (20992 turns).

nikopol the Eclecticist (DEFE)                     Turns: 20992, Time: 01:53:21

Health: -3/66      AC:  8    Str:  5    XL:     13   Next: 87%
Magic:  37/51      EV: 15    Int: 26    God:    Sif Muna [*****.]
Gold:   1175       SH:  0    Dex: 15    Spells: 23/47 levels left

rFire    . . .     SeeInvis .   F - staff of power
rCold    + . .     Gourm    .   (no shield)
rNeg     . . .     Faith    .   K - +0 robe {rC+}
rPois    .         Spirit   .   v - +2 hat
rElec    .         Reflect  .   k - +0 cloak
rCorr    .         Harm     .   (no gloves)
MR       +....                  (no boots)
Stlth    +++.......             y - amulet of magic regeneration (curse)
HPRegen  0.21/turn              C - +3 ring of protection
MPRegen  0.57/turn              h - ring of wizardry

@: no status effects
A: no striking features
a: Divine Energy, Channel Magic, Forget Spell, Renounce Religion


You were on level 6 of the Lair of Beasts.
You worshipped Sif Muna.
Sif Muna was extremely pleased with you.
You were very hungry.

You visited 3 branches of the dungeon, and saw 18 of its levels.

You collected 1175 gold pieces.

Inventory:

Armour
 k - a +0 cloak (worn)
 t - a +0 robe of positive energy
 v - a +2 hat (worn)
 K - a +0 robe of cold resistance (worn)
Magical Staves
 F - an uncursed staff of power (weapon)
Jewellery
 h - a ring of wizardry (right hand)
 y - a cursed amulet of magic regeneration (around neck)
 C - a +3 ring of protection (left hand)
 R - an uncursed amulet of the acrobat {unknown}
Wands
 a - a wand of acid (15)
 A - a wand of digging (11)
 B - a wand of flame (59)
 E - a wand of iceblast (20)
 N - a wand of random effects (26)
Scrolls
 e - 7 scrolls of identify
 g - 4 scrolls of fog
 m - 4 scrolls of remove curse
 n - 2 scrolls of immolation
 p - 3 scrolls of blinking
 r - 11 scrolls of teleportation
 s - 3 scrolls of magic mapping
 u - a scroll of enchant armour {unknown}
 x - 2 scrolls of fear {unknown}
 I - a scroll of random uselessness {unknown}
 J - 2 scrolls of enchant weapon {unknown}
 O - a scroll of holy word {unknown}
 P - a scroll of torment {unknown}
 Q - a scroll of amnesia {unknown}
 T - a scroll of acquirement {unknown}
Potions
 b - 2 potions of cancellation
 d - 2 potions of magic {unknown}
 f - 2 potions of ambrosia {unknown}
 i - a potion of might
 l - 5 potions of curing
 o - 2 potions of brilliance {unknown}
 q - 2 potions of degeneration
 w - 6 potions of agility
 z - a potion of mutation
 D - 2 potions of haste
 G - 3 potions of heal wounds
 H - a potion of resistance
 L - 4 potions of flight {unknown}
 M - a potion of berserk rage {unknown}
Miscellaneous
 j - a phial of floods
 S - a lightning rod (4/4)
Comestibles
 c - 33 rations


   Skills:
 + Level 1.8 Fighting
 + Level 5.3 Dodging
 + Level 5.0 Stealth
 + Level 17.6 Spellcasting
 + Level 13.6 Conjurations
 + Level 2.7 Hexes
 + Level 14.7 Fire Magic


You had 23 spell levels left.
You knew the following spells:

 Your Spells              Type           Power        Failure   Level  Hunger
a - Flame Tongue          Conj/Fire      #####        0%          1    None
b - Throw Flame           Conj/Fire      ######       0%          2    None
c - Conjure Flame         Conj/Fire      #######.     0%          3    None
d - Sticky Flame          Conj/Fire      #######.     1%          4    None
e - Fireball              Conj/Fire      #######...   1%          5    None
f - Dazzling Spray        Conj/Hex       ######       1%          3    None
g - Bolt of Fire          Conj/Fire      #######...   1%          6    ###....


Dungeon Overview and Level Annotations

Branches:
Dungeon (11/15)            Temple (1/1) D:6            Lair (6/6) D:11
  Swamp (0/4) Lair:3       Spider (0/4) Lair:3        Slime (0/5) Lair:6
    Orc (0/2) D:9

Altars:
Cheibriados
Dithmenos
Elyvilon
Fedhas
Gozag
Makhleb
Okawaru
Ru
Sif Muna
Trog
Vehumet
Wu Jian
Xom
The Shining One

Shops:
D:6 *   D:11 (

Annotations:
D:10 1 runed door


Message History

The eight-headed hydra bites you!
* * * LOW HITPOINT WARNING * * *
The eight-headed hydra bites you.
* * * LOW HITPOINT WARNING * * *
The eight-headed hydra closely misses you.
The eight-headed hydra misses you. The eight-headed hydra bites you.
* * * LOW HITPOINT WARNING * * *
Casting: Sticky Flame (safe; 1% risk of failure)
Confirm with . or Enter, or press ? or * to list all spells.
Aiming: Bolt of Fire (safe; 1% risk of failure)
Press: ? - help, Shift-Dir - straight line, f/p - eight-headed hydra
Aim: an eight-headed hydra (severely wounded)
The bolt of fire hits the eight-headed hydra.
The eight-headed hydra is almost dead.
The eight-headed hydra bites you!
* * * LOW HITPOINT WARNING * * *
The eight-headed hydra bites you.
* * * LOW HITPOINT WARNING * * *
The eight-headed hydra bites you.
You die...

.....# #.P####....##P.####....##.
....## #......... #### ##....##
....P♣♣♣........###########...###
......♣♣♣..♣.#.....##P#.P.....(#
......♣≈≈.≈..♣...................
....♣≈≈≈.≈.≈.....................
...♣.≈≈...≈≈≈..≈.................
...≈≈≈.≈.≈.≈.≈..D................
..♣≈≈.....≈≈≈≈≈.@..##.....#......
..≈≈.≈..≈≈..≈≈.≈..♣.##.####....##
..≈....≈..≈≈.≈≈≈≈.♣.##..##....###
...≈.≈.≈.≈.≈.≈.≈.≈..#...###....#
..≈.≈.≈.≈.≈.≈.≈.≈.♣........+..P#
.♣.≈≈≈≈.≈≈..≈....≈........##...#
.♣..≈.≈≈..≈≈..≈.≈≈.......##....#
.....≈≈≈≈≈.....≈≈...P.#####....#
..♣..)≈.≈[≈.≈.≈≈≈..P..###...P.###


You could see an eight-headed hydra.

Vanquished Creatures
  Gastronok (D:10)
  A hydra (Lair:6)
  3 two-headed ogres
  5 death yaks (Lair:4)
  The ghost of nikopol the Thaumaturge, a novice DEFE of Sif Muna (D:10)
  An unseen horror (D:10)
  The ghost of Thaneod the Fighter, a novice GrSu of the Shining One (D:8)
  A necromancer (Lair:3)
  An ugly thing (D:11)
  12 elephants
  3 black mambas
  A torpor snail (Lair:5)
  Psyche (D:10)
  9 spiny frogs
  A kobold demonologist (D:10)
  7 komodo dragons
  A rime drake (Lair:6)
  A troll (D:10)
  A queen bee (D:11)
  8 blink frogs
  5 slime creatures (D:11)
  Grinder (D:4)
  3 dream sheep (Lair:6)
  3 hippogriffs
  2 redbacks (Lair:3)
  A vampire (D:10)
  40 yaks
  4 wyverns
  A spriggan (Lair:2)
  3 basilisks
  Grum (D:8)
  A hungry ghost (D:9)
  A steam dragon (D:9)
  An acid dragon (D:11)
  Duvessa (D:4)
  9 porcupines
  7 water moccasins
  3 orc warriors
  An ice beast (D:8)
  2 sky beasts
  A hornet zombie (D:8)
  3 elephant zombies (Lair:3)
  A necrophage (D:11)
  2 black bears (D:11)
  8 ogres
  9 wolves
  7 centaurs
  9 crocodiles
  2 big kobolds
  Blork the orc (D:4)
  15 bullfrogs
  A water moccasin zombie (D:10)
  Dowan (D:4)
  2 scorpions
  29 killer bees
  2 howler monkeys
  9 wights (D:6)
  13 electric eels
  7 crimson imps
  A quasit (D:10)
  3 bullfrog zombies
  3 basilisk zombies (Lair:3)
  A centaur zombie (D:8)
  8 hounds
  6 jellies
  3 orc priests
  Crazy Yiuf (D:6)
  4 bullfrog skeletons
  A centaur skeleton (D:11)
  An iguana (D:10)
  8 orc wizards
  7 worker ants
  2 killer bee zombies
  3 hound skeletons
  A howler monkey zombie (D:7)
  15 adders
  4 shadow imps
  2 oozes
  An adder zombie (D:9)
  An adder skeleton (D:6)
  2 worms (D:3)
  3 dart slugs
  5 leopard geckos
  33 orcs
  4 ball pythons
  4 giant cockroaches
  8 goblins
  9 hobgoblins
  10 jackals
  5 quokkas
  5 bats
  2 frilled lizards
  18 kobolds
  4 rats
  5 plants
465 creatures vanquished.

Vanquished Creatures (others)
  2 bushes (Lair:6)
  20 fungi
  21 plants
43 creatures vanquished.

Grand Total: 508 creatures vanquished

Notes
Turn   | Place    | Note
-------+----------+-------------------------------------------
     0 | D:1      | nikopol the Deep Elf Fire Elementalist began the quest for the Orb.
     0 | D:1      | Reached XP level 1. HP: 10/10 MP: 6/6
   250 | D:1      | Reached XP level 2. HP: 15/15 MP: 6/8
   407 | D:1      | You fall through a shaft!
   534 | D:2      | Reached XP level 3. HP: 19/19 MP: 7/10
   538 | D:2      | Learned a level 2 spell: Throw Flame
   542 | D:2      | Learned a level 3 spell: Conjure Flame
  1177 | D:1      | Reached skill level 4 in Spellcasting
  1718 | D:3      | Reached XP level 4. HP: 23/24 MP: 7/12
  1765 | D:3      | Learned a level 4 spell: Sticky Flame
  2210 | D:4      | Reached skill level 5 in Spellcasting
  2456 | D:4      | Noticed Grinder
  2459 | D:4      | Paralysed by Grinder for 2 turns
  2470 | D:4      | Noticed Duvessa
  2474 | D:4      | Killed Grinder
  2474 | D:4      | Reached skill level 5 in Fire Magic
  2474 | D:4      | Reached XP level 5. HP: 28/28 MP: 0/15
  2474 | D:4      | Reached XP level 6. HP: 32/32 MP: 0/16
  2617 | D:4      | Reached skill level 6 in Spellcasting
  2815 | D:4      | Noticed Blork the orc
  2826 | D:4      | Killed Blork the orc
  3152 | D:4      | Killed Duvessa
  3152 | D:4      | Reached XP level 7. HP: 36/36 MP: 7/18
  3207 | D:4      | Noticed Dowan
  3218 | D:4      | Learned a level 5 spell: Fireball
  3222 | D:4      | Killed Dowan
  3263 | D:4      | Found a sacrificial altar of Ru.
  3263 | D:4      | Found an opulent altar of Gozag.
  3273 | D:4      | Reached skill level 7 in Spellcasting
  3752 | D:5      | Entered Level 5 of the Dungeon
  3921 | D:5      | Found a white marble altar of Elyvilon.
  4152 | D:5      | Got a pair of dazzling boots
  4163 | D:5      | Identified the +2 pair of boots of the Republic {-Cast Str+9} (You found it on level 5 of the Dungeon)
  4427 | D:6      | Reached skill level 8 in Spellcasting
  4429 | D:6      | Reached XP level 8. HP: 41/41 MP: 0/22
  4839 | D:6      | Reached skill level 5 in Conjurations
  4887 | D:6      | Found the cursed +13 scythe of Curses {drain, *Curse}
  4990 | D:6      | Found a staircase to the Ecumenical Temple.
  5004 | Temple   | Entered the Ecumenical Temple
  5041 | Temple   | Became a worshipper of Sif Muna the Loreminder
  5105 | D:6      | Found a glowing golden altar of the Shining One.
  5118 | D:6      | HP: 1/41 [centaur/arrow (13)]
  5234 | D:5      | Learned a level 3 spell: Dazzling Spray
  5427 | D:6      | Found a runed door.
  5431 | D:6      | Noticed Crazy Yiuf
  5437 | D:6      | Killed Crazy Yiuf
  5564 | D:6      | Reached skill level 9 in Spellcasting
  5785 | D:6      | Found Hacot's Blasphemy Boutique.
  5786 | D:6      | Found a burning altar of Makhleb.
  5846 | D:6      | Found a shadowy altar of Dithmenos.
  6211 | D:7      | Reached skill level 1 in Hexes
  6255 | D:7      | Reached * piety under Sif Muna
  6255 | D:7      | Reached XP level 9. HP: 46/46 MP: 10/24
  7463 | D:8      | Reached ** piety under Sif Muna
  7625 | D:8      | Noticed a two-headed ogre
  7628 | D:8      | Reached skill level 10 in Spellcasting
  7628 | D:8      | Killed a two-headed ogre
  7884 | D:8      | Reached skill level 11 in Spellcasting
  8054 | D:8      | Reached *** piety under Sif Muna
  8079 | D:8      | Reached XP level 10. HP: 51/51 MP: 20/27
  8170 | D:8      | Noticed Thaneod's ghost (novice GrSu)
  8180 | D:8      | Killed Thaneod's ghost
  8359 | D:8      | Noticed Grum
  8368 | D:8      | Killed Grum
  8851 | D:9      | Reached skill level 12 in Spellcasting
  9020 | D:9      | Reached skill level 10 in Fire Magic
  9289 | D:9      | Reached **** piety under Sif Muna
  9742 | D:9      | Found a staircase to the Orcish Mines.
 10247 | D:10     | Entered Level 10 of the Dungeon
 10314 | D:10     | Noticed Gastronok
 10429 | D:10     | Reached ***** piety under Sif Muna
 10724 | D:10     | Noticed nikopol's ghost (novice DEFE)
 10735 | D:10     | Killed nikopol's ghost
 10735 | D:10     | Reached skill level 13 in Spellcasting
 10735 | D:10     | Reached XP level 11. HP: 49/55 MP: 6/30
 10885 | D:10     | Noticed Psyche
 10892 | D:10     | Killed Psyche
 10892 | D:10     | Identified Egyshriv's Papyrus of the Cloudy Glacier (Sif Muna gifted it to you on level 10 of the Dungeon)
 10892 | D:10     | Received a gift from Sif Muna
 11050 | D:10     | Found a burning altar of Makhleb.
 11089 | D:10     | Reached skill level 10 in Conjurations
 11113 | D:10     | Noticed an unseen horror
 11115 | D:10     | Killed an unseen horror
 11318 | D:10     | Noticed a rakshasa
 11341 | D:10     | Found a runed door.
 11367 | D:10     | Noticed a two-headed ogre
 11377 | D:10     | Killed a two-headed ogre
 11390 | D:10     | Found the +4 moon troll leather armour {Spirit, Regen++ MP+5}
 11760 | D:10     | Learned a level 6 spell: Bolt of Fire
 11871 | D:10     | Killed Gastronok
 11871 | D:10     | Reached skill level 14 in Spellcasting
 12058 | D:10     | Noticed a two-headed ogre
 12071 | D:10     | Killed a two-headed ogre
 12448 | D:11     | Identified Sif Muna's Sophisticated Hermeneutics (Sif Muna gifted it to you on level 11 of the Dungeon)
 12448 | D:11     | Received a gift from Sif Muna
 12693 | D:11     | Noticed a purple ugly thing
 12698 | D:11     | Reached XP level 12. HP: 60/60 MP: 32/32
 13203 | D:11     | Found a staircase to the Lair.
 13495 | D:11     | Found Myuroif's Antique Weapon Emporium.
 13659 | Lair:1   | Entered Level 1 of the Lair of Beasts
 13680 | Lair:1   | Reached skill level 15 in Spellcasting
 14257 | Lair:1   | Found a shimmering altar of Xom.
 14586 | Lair:2   | Received a gift from Sif Muna
 16203 | Lair:2   | Reached skill level 1 in Fighting
 16395 | Lair:3   | Reached skill level 16 in Spellcasting
 16489 | Lair:3   | Found a hole to the Spider Nest.
 16538 | Lair:3   | Found a staircase to the Swamp.
 16580 | Lair:3   | Reached skill level 5 in Stealth
 16916 | Lair:3   | Reached XP level 13. HP: 64/64 MP: 35/35
 16928 | Lair:3   | Reached skill level 5 in Dodging
 17433 | Lair:3   | Received a gift from Sif Muna
 19700 | Lair:5   | Identified the Catalogue of Dark Weightlessness
 19907 | Lair:6   | Entered Level 6 of the Lair of Beasts
 19951 | Lair:6   | Reached skill level 17 in Spellcasting
 20428 | Lair:6   | Found a staircase to the Slime Pits.
 20851 | Lair:6   | Identified Sif Muna's Tome of Black Rites and Intoxication (Sif Muna gifted it to you on level 6 of the Lair of Beasts)
 20851 | Lair:6   | Received a gift from Sif Muna
 20992 | Lair:6   | HP: 3/66 [eight-headed hydra (7)]
 20992 | Lair:6   | HP: 1/66 [eight-headed hydra (2)]
 20992 | Lair:6   | Slain by an eight-headed hydra

Vault maps used:
D:1:      lightli_arrival_quake
D:4:      chequers_temple_overflow_statue_of_worship, first_ration,
          uniq_grinder, uniq_duvessa, uniq_blork_the_orc
D:5:      kennysheep_mini, kennysheep_small_circle
D:6:      lemuel_crystal_altar, lemuel_coloured_pillars_altar,
          minmay_temple_entry_glass, nicolae_evil_shop, uniq_crazy_yiuf_cottage
D:7:      cheibrodos_two_vegetables, minmay_statues_item
D:8:      uniq_grum
D:9:      david_orc_2
D:10:     minmay_the_grid_triangle_9x9_rhombus_full, uniq_psyche, uniq_gastronok
D:11:     david_lair_generic, serial_shops, shop, david_nohive_1,
          minmay_misc_feat_plants, corexii_leaking_fountain
Temple:   minmay_crystal_spiral_temple
Lair:1:   basic_altar
Lair:2:   wad_woods_03, lemuel_fruit_fields
Lair:3:   pond_and_an_island_with_a_cottage, swamp_mist, spider_nest_entry_webs,
          enter_volcano_4, beast_lair_carwin_7, lemuel_fruit_fields,
          serial_bayou_shore_a
Lair:5:   grunt_megastairs_5, lemuel_fruit_tree, lemuel_fruit_fields
Lair:6:   grunt_lair_end_beastmaster, nicolae_slime_entry_slimehenge,
          nicolae_quartered_pool_super, minmay_lair_oklob_bushes, st_stairs_3

Skill      XL: |  1  2  3  4  5  6  7  8  9 10 11 12 13 |
---------------+----------------------------------------+-----
Fire Magic     | 4 5 6 7 9 10 12 13 14 | 14.7
Spellcasting   | 4 5 6 8 9 11 13 14 16 17 | 17.6
Dodging        | 3 4 5 |  5.3
Stealth        | 3 4 5 |  5.0
Conjurations   | 2 3 4 6 8 9 11 12 13 | 13.6
Hexes          | 1 2 |  2.7
Fighting       | 1 |  1.8

Action                   |  1- 3 |  4- 6 |  7- 9 | 10-12 | 13-15 || total
-------------------------+-------+-------+-------+-------+-------++-------
Melee: Dagger            |       |       |     2 |     5 |       ||     7
       Staff             |       |       |       |     2 |     1 ||     3
 Cast: Flame Tongue      |    78 |    67 |   169 |   345 |   122 ||   781
       Throw Flame       |     2 |     3 |    15 |   111 |    91 ||   222
       Conjure Flame     |       |     4 |     8 |    26 |     5 ||    43
       Sticky Flame      |       |     1 |    18 |    74 |    42 ||   135
       Fireball          |       |       |    22 |    48 |    20 ||    90
       Dazzling Spray    |       |       |    11 |    16 |     1 ||    28
       Bolt of Fire      |       |       |       |    36 |    15 ||    51
  Use: Scroll            |       |     4 |     6 |     9 |     1 ||    20
       Potion            |       |       |       |     3 |     1 ||     4
  Eat: Chunk             |     2 |     5 |    12 |    26 |    13 ||    58
       Ration            |       |       |     2 |     3 |       ||     5
Armor: Robe              |    10 |     5 |    12 |    33 |     9 ||    69
Dodge: Dodged            |    28 |     8 |    59 |    97 |    37 ||   229

Table legend:
 A = Spawn XP
 B = Non-spawn XP
 C = Spawn XP percentage of total XP
 D = Spawn monster count
 E = Non-spawn monster count
 F = Spawn count percentage of total count
 G = Total turns spent on level
                    A         B        C        D         E        F      G
               +---------+---------+-------+---------+---------+-------+---------
         Total |       0 |   61040 |   0.0 |       0 |     460 |   0.0 | 20992
               +---------+---------+-------+---------+---------+-------+---------
           D:1 |       0 |      25 |   0.0 |       0 |      12 |   0.0 |   736
           D:2 |       0 |      62 |   0.0 |       0 |      22 |   0.0 |   840
           D:3 |       0 |      90 |   0.0 |       0 |      21 |   0.0 |   849
           D:4 |       0 |     844 |   0.0 |       0 |      14 |   0.0 |  1327
           D:5 |       0 |     167 |   0.0 |       0 |       9 |   0.0 |   907
           D:6 |       0 |    1248 |   0.0 |       0 |      27 |   0.0 |  1290
           D:7 |       0 |    1220 |   0.0 |       0 |      38 |   0.0 |  1924
           D:8 |       0 |    3735 |   0.0 |       0 |      33 |   0.0 |  1040
           D:9 |       0 |    2819 |   0.0 |       0 |      52 |   0.0 |  1341
          D:10 |       0 |    8517 |   0.0 |       0 |      35 |   0.0 |  1973
          D:11 |       0 |    7050 |   0.0 |       0 |      57 |   0.0 |  1357
        Lair:1 |       0 |    3139 |   0.0 |       0 |      15 |   0.0 |   921
        Lair:2 |       0 |    6046 |   0.0 |       0 |      31 |   0.0 |  1755
        Lair:3 |       0 |    7131 |   0.0 |       0 |      37 |   0.0 |  1916
        Lair:4 |       0 |    6391 |   0.0 |       0 |      16 |   0.0 |   858
        Lair:5 |       0 |    1997 |   0.0 |       0 |       8 |   0.0 |   798
        Lair:6 |       0 |   10559 |   0.0 |       0 |      33 |   0.0 |  1085
               +---------+---------+-------+---------+---------+-------+---------
